 Dungeon Crawl Stone Soup version 0.30-a0-900-g23479c02f2 (webtiles) character file.

Game seed: 9260086396587693188

124 cforsyth the Trooper (level 5, -4/54 HPs)
             Began as an Ogre Gladiator on Mar 19, 2023.
             Slain by Duvessa
             ... wielding a +0 short sword
              (9 damage)
             ... on level 4 of the Dungeon.
             The game lasted 00:02:54 (2941 turns).

cforsyth the Trooper (Ogre Gladiator)               Turns: 2941, Time: 00:02:55

Health: -4/54      AC:  3    Str: 20    XL:     5   Next: 8%
Magic:  5/5        EV: 10    Int:  9    God:
Gold:   128        SH:  0    Dex: 10    Spells: 4/4 levels left

rFire   . . .      SeeInvis .    a - +0 war axe
rCold   . . .      Faith    .    (no shield)
rNeg    . . .      Spirit   .    b - +0 robe
rPois   .          Reflect  .    c - +0 hat
rElec   .          Rampage  .    (no cloak)
rCorr   +                        (gloves unavailable)
Will    .....                    (boots unavailable)
Stlth   +                        (no amulet)
HPRegen 0.29/turn                r - ring of resist corrosion
MPRegen 0.09/turn                (no ring)

@: no status effects
A: large, unfitting armour, tough skin 1
a: no special abilities


You were on level 4 of the Dungeon.
You visited 1 branch of the dungeon, and saw 4 of its levels.

You collected 128 gold pieces.

Inventory:

Hand Weapons
 a - a +0 war axe (weapon)
Missiles
 d - 3 throwing nets (quivered)
 e - 10 large rocks
Armour
 b - a +0 robe (worn)
 c - a +0 hat (worn)
Jewellery
 r - a ring of resist corrosion (left hand)
 v - a ring of ice
 A - a +5 ring of evasion
Wands
 u - a wand of flame (7)
 z - a wand of light (7)
Scrolls
 g - a scroll of fog {unknown}
 j - a scroll of poison {unknown}
 m - 4 scrolls of identify {unknown}
 o - a scroll of teleportation {unknown}
 s - a scroll of noise {unknown}
 y - a scroll of immolation {unknown}
Potions
 f - 2 potions of brilliance
 h - 5 potions of curing
 l - 3 potions of lignification {unknown}
 n - a potion of haste {unknown}
 p - a potion of might {unknown}
 q - a potion of magic {unknown}
 t - a potion of resistance {unknown}
 w - a potion of attraction {unknown}
 x - a potion of mutation {unknown}


   Skills:
 + Level 4.2 Fighting
 + Level 3.9 Axes
 - Level 2.6 Throwing
 + Level 3.5 Dodging


You had 4 spell levels left.
You didn't know any spells.
Your spell library contained the following spells:

 Spells                   Type           Power      Damage    Failure   Level
 Kindle Blastsparks       Fire/Tloc/Air  0%         2d10      77%         3
 Fulminant Prism          Conj/Hex       0%         3d5       99%         4
 Iskenderun's Mystic Bla  Conj/Tloc      0%         2d3       99%         4
 Lee's Rapid Deconstruct  Erth           0%         3d4*      100%        5


Dungeon Overview and Level Annotations

Branches:
Dungeon (4/15)
 Temple: D:4-7

Altars:
Elyvilon
Ru
The Shining One

Annotations:
D:4 Dowan, Duvessa


Innate Abilities, Weirdness & Mutations

You are too large for most types of armour.
You have tough skin. (AC +1)


Message History

You are too injured to fight recklessly!
Dowan attacks as you move away! Dowan barely misses you.
Dowan points at Duvessa and mumbles some strange words.
Duvessa seems to speed up.
Blink to where?
Press: ? - help, Dir - move target
As you read the scroll labelled HUTHRO JISOROXU, it crumbles to dust.
It was a scroll of blinking.
Found 11 gold pieces.
There is a shaft here.
You see here 11 gold pieces.
Duvessa attacks as you move away! Duvessa hits you with a +0 short sword.
Duvessa hits you with a +0 short sword! Duvessa hits you with a +0 short sword!
* * * LOW HITPOINT WARNING * * *
Duvessa attacks as you move away! Duvessa hits you with a +0 short sword.
* * * LOW HITPOINT WARNING * * *
Blink to where?
Press: ? - help, Dir - move target
As you read the scroll of blinking, it crumbles to dust.
You feel much better.
You slash Duvessa!
Duvessa is heavily wounded.
Duvessa closely misses you. Duvessa hits you with a +0 short sword.
You hit Duvessa.
Duvessa is heavily wounded.
Duvessa hits you with a +0 short sword.
* * * LOW HITPOINT WARNING * * *
Duvessa barely misses you.
You feel much better. Duvessa hits you with a +0 short sword.
You barely miss Duvessa.
Duvessa is heavily wounded.
Duvessa hits you with a +0 short sword. Duvessa hits you with a +0 short sword!
* * * LOW HITPOINT WARNING * * *
You hit Duvessa.
Duvessa is heavily wounded.
Duvessa hits you with a +0 short sword!
* * * LOW HITPOINT WARNING * * *
Duvessa hits you with a +0 short sword!
You die...

....#.# ......#
......# ##
....... .
e...... #.
#...... .####
#..... ....#
..... # .#..#
#### #. ##.#@.#
## #. #..#e.#
.# #..#.##..#
.# #..#.##..#
.# #........#
.#
#########.#####
.####...e.....#
......#########
.######


You could see Duvessa (fast).

Vanquished Creatures
  An iguana (D:4)
  3 adders
  3 dart slugs
  6 orcs
  4 ball pythons
  7 endoplasms
  4 giant cockroaches
  8 goblins
  A hobgoblin (D:1)
  6 kobolds
  3 quokkas
  3 bats (D:1)
  3 frilled lizards
  3 rats
55 creatures vanquished.

Notes
Turn   | Place    | Note
-------+----------+-------------------------------------------
     0 | D:1      | cforsyth the Ogre Gladiator began the quest for the Orb.
     0 | D:1      | Reached XP level 1. HP: 22/22 MP: 1/1
   141 | D:1      | Reached XP level 2. HP: 29/29 MP: 2/2
   144 | D:1      | Reached skill level 3 in Fighting
   501 | D:1      | Reached XP level 3. HP: 37/37 MP: 3/3
  1083 | D:2      | Found a faded altar of an unknown god.
  1166 | D:2      | Reached XP level 4. HP: 46/46 MP: 4/4
  1717 | D:3      | Found a glowing golden altar of the Shining One.
  2168 | D:3      | Found a sacrificial altar of Ru.
  2199 | D:3      | Found a white marble altar of Elyvilon.
  2415 | D:4      | Reached skill level 4 in Fighting
  2415 | D:4      | Reached XP level 5. HP: 22/54 MP: 5/5
  2898 | D:4      | Noticed Dowan
  2901 | D:4      | Noticed Duvessa
  2941 | D:4      | Slain by Duvessa

Illustrated notes

Levels and vault maps discovered:
D:1:      dpeg_arrival_leaves_temple_mockup, layout_basic
D:2:      layout_loops_cross, hellmonk_ecumenical_altar_defaced_shrine,
          due_unseen_surprise
D:3:      layout_rooms, nicolae_overflow_hidden_temple, elyvilon_altar_3,
          tso_metal_star, kennysheep_another_room, dk_noncrumbling_2
D:4:      layout_loops_cross, mainiacjoe_overflow_divided_tiny, uniq_duvessa

Skill      XL: |  1  2  3  4 |
---------------+-------------+-----
Fighting       | 3 4 |  4.2
Dodging        | 3 |  3.5
Axes           | |  3.9
Throwing       | |  2.6

Action                     |  1- 3 |  4- 6 || total
---------------------------+-------+-------++-------
  Melee: War axe           |   106 |    92 ||   198
         Punch             |     2 |       ||     2
    Use: Potion            |     3 |     2 ||     5
         Scroll            |       |     2 ||     2
 Armour: Robe              |    44 |    20 ||    64
  Dodge: Dodged            |    79 |    39 ||   118

Table legend: (Time is in decaauts)
 A = Elapsed time spent in this place.
 B = Non-inter-level travel time spent in this place.
 C = Inter-level travel time spent in this place.
 D = Time resting spent in this place.
 E = Time spent auto-exploring this place.
 F = Levels seen in this place.
 G = Mean time per level.
                   A        B        C        D        E       F      G
               +--------+--------+--------+--------+--------+-----+--------+
         Total |   3004 |   2868 |    136 |      0 |   2384 |   4 |  751.0 |
       Dungeon |   3004 |   2868 |    136 |      0 |   2384 |   4 |  751.0 |
               +--------+--------+--------+--------+--------+-----+--------+

Top non-repeatable levels by time:
     D:2: 872 daAuts
     D:1: 865 daAuts
     D:4: 635 daAuts
     D:3: 630 daAuts
